 Dungeon Crawl Stone Soup version 0.29.0-4-gdea44cf6ec (webtiles) character file.

Game seed: 3986187916510688267

147 qw the Chopper (level 5, -1/53 HPs)
             Began as an Ogre Enchanter on Sept 4, 2022.
             Was an Initiate of Okawaru.
             Killed from afar by an orc wizard (10 damage)
             ... with a puff of flame
             ... on level 4 of the Dungeon.
             The game lasted 00:01:50 (3579 turns).

qw the Chopper (Ogre Enchanter)                     Turns: 3579, Time: 00:01:51

Health: -1/53      AC:  7    Str: 13      XL:     5   Next: 29%
Magic:  8/8        EV: 10    Int: 17 (20) God:    Okawaru [......]
Gold:   152        SH:  0    Dex: 13 (14) Spells: 8/8 levels left

rFire   . . .      SeeInvis .   Y - +2 long sword (drain)
rCold   . . .      Faith    .   (no shield)
rNeg    . . .      Spirit   .   b - +0 robe
rPois   .          Reflect  .   (helmet restricted)
rElec   .          Harm     .   (no cloak)
rCorr   .          Rampage  .   (gloves unavailable)
Will    .....                   (boots unavailable)
Stlth   ++........              (no amulet)
HPRegen 0.17/turn               j - +4 ring of protection
MPRegen 0.11/turn               p - +6 ring of dexterity

@: about to teleport
A: large, unfitting armour, tough skin 1, clever 1
a: Renounce Religion


You were on level 4 of the Dungeon.
You worshipped Okawaru.
Okawaru was noncommittal.
You visited 1 branch of the dungeon, and saw 4 of its levels.

You collected 152 gold pieces.


Innate Abilities, Weirdness & Mutations

You are too large for most types of armour.
You have tough skin. (AC +1)
Your mind is acute. (Int +4, Str/Dex -1)


   Skills:
 + Level 3.0 Fighting
 - Level 0.8 Short Blades
 - Level 4.0 Axes
 - Level 1.7 Dodging
 - Level 2.1 Stealth
 - Level 2.4 Spellcasting
 - Level 2.6 Hexes


You had 8 spell levels left.
You didn't know any spells.
Your spell library contained the following spells:

 Spells                   Type           Power      Damage    Failure   Level
 Ensorcelled Hibernation  Hex/Ice        12%        N/A       16%         2
 Confusing Touch          Hex            11%        N/A       19%         3
 Dazzling Flash           Conj/Hex       12%        N/A       32%         3
 Tukima's Dance           Hex            Unusable   N/A       N/A         3

Inventory:

Hand Weapons
 c - the +8 quick blade "Batry" {freeze, Str+4}
   (You acquired it on level 2 of the Dungeon)

   It freezes those it strikes, dealing additional cold damage.
   It can also slow down cold-blooded creatures.
   Str:       It affects your strength (+4).
 Y - a +2 long sword of draining (weapon)
Armour
 b - a +0 robe (worn)
Jewellery
 j - a +4 ring of protection (left hand)
 p - a +6 ring of dexterity (right hand)
Potions
 d - a potion of cancellation {unknown}
 f - a potion of ambrosia {unknown}
 g - a potion of heal wounds
 h - a potion of lignification {unknown}
 k - a potion of mutation
 l - a potion of curing
 m - a potion of haste
 o - a potion of brilliance {unknown}
 q - a potion of flight {unknown}

Dungeon Overview and Level Annotations

Branches:
Dungeon (4/15)
 Temple: D:4-7

Altars:
Elyvilon
Hepliaklqana
Okawaru
Sif Muna
Vehumet


Message History

The magic dart hits you. The gnoll barely misses you.
The orc hits you but does no damage.
You closely miss the orc.
The orc is heavily wounded.
The orc hits you but does no damage. Something hits you but does no damage.
The orc completely misses you.
The gnoll hits you from afar with a +0 halberd!
The orc hits you but does no damage. x2
The gnoll hits you from afar with a +0 halberd.
Something hits you but does no damage.
You barely miss the orc.
The orc is heavily wounded.
The orc hits you but does no damage. Something completely misses you.
The gnoll misses you. The orc hits you with a +0 falchion.
You hit the orc.
You kill the orc!
Okawaru accepts your kill. The orc hits you with a +0 dagger.
Something hits you but does no damage. The gnoll barely misses you.
You hit the gnoll. You drain the gnoll.
The gnoll is moderately wounded.
The gnoll hits you but does no damage. The orc hits you but does no damage.
Something hits you but does no damage. The gnoll completely misses you.
The orc barely misses you.
You hear some strange, mumbled words.
A puff of flame appears from out of thin air!
The puff of flame hits you! The gnoll barely misses you.
You closely miss the gnoll. The orc hits you but does no damage.
The gnoll barely misses you.
The gnoll hits you from afar with a +0 halberd.
Something hits you but does no damage.
3579 ||| READING scroll of teleportation.
As you read the scroll of teleportation, it crumbles to dust.
You feel strangely unstable. The orc hits you with a +0 dagger.
The gnoll hits you but does no damage. The gnoll closely misses you.
You hear some strange, mumbled words.
A puff of flame appears from out of thin air!
The puff of flame hits you!
You die...

.........#
#.......# #.....#
##.. #....## #...
#...)<####..#
#.... ##.........#
#....
###.......###
.....[##.{o.##...#
..!...#.gg@###...#
........g### ##..#
#......## ..#
####..## ..# #..g
..# #... #....
#..... #.....


You could see 3 gnolls and an orc.

Vanquished Creatures
  An orc wizard (D:4)
  4 adders
  2 worms (D:2)
  2 dart slugs (D:2)
  3 orcs
  10 ball pythons
  9 bats
  2 endoplasms (D:2)
  3 giant cockroaches (D:2)
  8 goblins
  7 hobgoblins
  3 jackals (D:3)
  3 kobolds
  3 quokkas
  4 frilled lizards
  6 rats
70 creatures vanquished.

Notes
Turn   | Place    | Note
-------+----------+-------------------------------------------
     0 | D:1      | qw the Ogre Enchanter began the quest for the Orb.
     0 | D:1      | Reached XP level 1. HP: 16/16 MP: 3/3
     0 | D:1      | 0 ||| qw: Version: 0.1-a-103-gd6f5d3a
     0 | D:1      | 0 ||| qw: Game counter: 5525
     0 | D:1      | 0 ||| qw: Always use a shield: true
     0 | D:1      | 0 ||| qw: God list: Okawaru
     0 | D:1      | 0 ||| qw: Allow faded altars: false
     0 | D:1      | 0 ||| qw: Do Orc after D:15 true
     0 | D:1      | 0 ||| qw: Do second Lair branch before Depths: true
     0 | D:1      | 0 ||| qw: Lair rune preference: random
     0 | D:1      | 0 ||| qw: Plans: Normal
     0 | D:1      | 0 ||| PLANNING D:1-11
   204 | D:1      | 204 ||| SWAPPING to +0 club.
   205 | D:1      | 205 ||| DROPPING +1 dagger.
   237 | D:1      | Reached skill level 1 in Axes
   240 | D:1      | 240 ||| Stepping ~*~*~tactically~*~*~ (stealth).
   257 | D:1      | 257 ||| Stepping ~*~*~tactically~*~*~ (stealth).
   314 | D:1      | Reached skill level 1 in Fighting
   327 | D:1      | Reached XP level 2. HP: 25/27 MP: 5/5
   388 | D:1      | 388 ||| SWAPPING to +0 falchion.
   401 | D:1      | 401 ||| SWAPPING to +1 long sword of draining.
   402 | D:1      | 402 ||| DROPPING +0 falchion.
   892 | D:1      | Reached skill level 2 in Axes
  1134 | D:1      | 1134 ||| UPGRADING to +6 ring of dexterity.
  1135 | D:1      | 1135 ||| READING scroll labelled VUROFI IPOLO.
  1136 | D:1      | 1136 ||| READING scroll labelled FODAEMMIYGHI.
  1137 | D:1      | 1137 ||| DRINKING 3 viscous red potions.
  1138 | D:1      | 1138 ||| DRINKING 2 viscous yellow potions.
  1139 | D:1      | 1139 ||| DROPPING 2 potions of invisibility.
  1221 | D:2      | 1221 ||| Stepping ~*~*~tactically~*~*~ (stealth).
  1224 | D:2      | Reached XP level 3. HP: 35/35 MP: 6/6
  1383 | D:2      | Found the +4 dagger "Morg" {pain, Will+ Int+5}
  1405 | D:2      | 1405 ||| DROPPING +0 club.
  1419 | D:2      | 1419 ||| Stepping ~*~*~tactically~*~*~ (hiding).
  1521 | D:2      | 1521 ||| Stepping ~*~*~tactically~*~*~ (hiding).
  1623 | D:2      | 1623 ||| Stepping ~*~*~tactically~*~*~ (hiding).
  2091 | D:2      | Reached XP level 4. HP: 44/44 MP: 7/7
  2251 | D:2      | Reached skill level 3 in Axes
  2500 | D:2      | 2500 ||| UPGRADING to ring of willpower.
  2501 | D:2      | 2501 ||| READING scroll labelled IXORYXZ ULEM.
  2502 | D:2      | 2502 ||| READING scroll labelled MUWNYE XUTO.
  2503 | D:2      | 2503 ||| READING scroll labelled EGYMPE DATZ.
  2503 | D:2      | Identified a scroll of acquirement
  2503 | D:2      | 2503 ||| ACQUIRING +8 quick blade "Batry" {freeze, Str+4}
  2503 | D:2      | Acquired the +8 quick blade "Batry" {freeze, Str+4}
  2505 | D:2      | 2505 ||| DROPPING +4 dagger "Morg" {pain, Will+ Int+5}.
  2506 | D:2      | 2506 ||| DRINKING 2 lumpy grey potions.
  2507 | D:2      | 2507 ||| DRINKING 2 sedimented inky potions.
  2508 | D:2      | 2508 ||| DROPPING potion of degeneration.
  2593 | D:3      | 2593 ||| Stepping ~*~*~tactically~*~*~ (stealth).
  2601 | D:3      | 2601 ||| Stepping ~*~*~tactically~*~*~ (stealth).
  2620 | D:3      | 2620 ||| Stepping ~*~*~tactically~*~*~ (stealth).
  2622 | D:3      | 2622 ||| Stepping ~*~*~tactically~*~*~ (stealth).
  2625 | D:3      | 2625 ||| Stepping ~*~*~tactically~*~*~ (stealth).
  2626 | D:3      | 2626 ||| Stepping ~*~*~tactically~*~*~ (stealth).
  2630 | D:3      | 2630 ||| Stepping ~*~*~tactically~*~*~ (stealth).
  2631 | D:3      | 2631 ||| Stepping ~*~*~tactically~*~*~ (stealth).
  2633 | D:3      | 2633 ||| Stepping ~*~*~tactically~*~*~ (stealth).
  2634 | D:3      | 2634 ||| Stepping ~*~*~tactically~*~*~ (stealth).
  2636 | D:3      | 2636 ||| Stepping ~*~*~tactically~*~*~ (stealth).
  2637 | D:3      | 2637 ||| Stepping ~*~*~tactically~*~*~ (stealth).
  2643 | D:3      | 2643 ||| Stepping ~*~*~tactically~*~*~ (stealth).
  2645 | D:3      | 2645 ||| Stepping ~*~*~tactically~*~*~ (stealth).
  2647 | D:3      | 2647 ||| Stepping ~*~*~tactically~*~*~ (stealth).
  2660 | D:3      | 2660 ||| Stepping ~*~*~tactically~*~*~ (outnumbered).
  2661 | D:3      | 2661 ||| STAIRDANCE
  2665 | D:2      | Reached skill level 3 in Fighting
  2788 | D:3      | 2788 ||| Stepping ~*~*~tactically~*~*~ (stealth).
  2857 | D:3      | 2857 ||| Stepping ~*~*~tactically~*~*~ (outnumbered).
  2858 | D:3      | 2858 ||| Stepping ~*~*~tactically~*~*~ (outnumbered).
  2860 | D:3      | 2860 ||| Stepping ~*~*~tactically~*~*~ (outnumbered).
  2861 | D:3      | 2861 ||| Stepping ~*~*~tactically~*~*~ (outnumbered).
  2863 | D:3      | 2863 ||| FLEEEEING.
  2864 | D:3      | 2864 ||| FLEEEEING.
  2865 | D:3      | 2865 ||| FLEEEEING.
  2866 | D:3      | 2866 ||| FLEEEEING.
  2867 | D:3      | 2867 ||| FLEEEEING.
  2868 | D:3      | 2868 ||| FLEEEEING.
  2869 | D:3      | 2869 ||| FLEEEEING.
  2870 | D:3      | 2870 ||| FLEEEEING.
  2871 | D:3      | 2871 ||| FLEEEEING.
  2872 | D:3      | 2872 ||| FLEEEEING.
  2873 | D:3      | 2873 ||| FLEEEEING.
  2875 | D:3      | 2875 ||| FLEEEEING.
  2876 | D:3      | 2876 ||| FLEEEEING.
  2878 | D:3      | 2878 ||| FLEEEEING.
  2879 | D:3      | 2879 ||| FLEEEEING.
  2880 | D:3      | 2880 ||| FLEEEEING.
  2881 | D:3      | 2881 ||| FLEEEEING.
  2883 | D:3      | 2883 ||| STAIRDANCE
  2951 | D:3      | Found a radiant altar of Vehumet.
  3037 | D:3      | Found a faded altar of an unknown god.
  3039 | D:3      | 3039 ||| Stepping ~*~*~tactically~*~*~ (stealth).
  3108 | D:3      | Found a white marble altar of Elyvilon.
  3252 | D:3      | Found an iron altar of Okawaru.
  3258 | D:3      | Became a worshipper of Warmaster Okawaru
  3306 | D:3      | Found a hazy altar of Hepliaklqana.
  3358 | D:3      | Found a shimmering blue altar of Sif Muna.
  3408 | D:3      | 3408 ||| UPGRADING to +4 ring of protection.
  3410 | D:3      | 3410 ||| UPGRADING to +6 ring of dexterity.
  3412 | D:3      | 3412 ||| DROPPING ring of willpower.
  3413 | D:3      | 3413 ||| READING scroll labelled MEMUKLEARR.
  3414 | D:3      | 3414 ||| READING 2 scrolls labelled SAPRO WA XURECY.
  3419 | D:3      | 3419 ||| READING scroll labelled GEUWOBL ASMAWU.
  3420 | D:3      | 3420 ||| DRINKING 2 smoky purple potions.
  3420 | D:3      | Gained mutation: Your mind is acute. (Int +4, Str/Dex -1)
                  | [potion of mutation]
  3420 | D:3      | Gained mutation: You have hidden genetic potential. [potion
                  | of mutation]
  3420 | D:3      | Lost mutation: You have hidden genetic potential. [potion
                  | of mutation]
  3447 | D:4      | 3447 ||| Stepping ~*~*~tactically~*~*~ (hiding).
  3451 | D:4      | 3451 ||| Stepping ~*~*~tactically~*~*~ (stealth).
  3452 | D:4      | 3452 ||| Stepping ~*~*~tactically~*~*~ (hiding).
  3561 | D:4      | 3561 ||| DRINKING 2 potions of curing.
  3561 | D:4      | 3561 ||| (to cure confusion)
  3565 | D:4      | 3565 ||| Stepping ~*~*~tactically~*~*~ (outnumbered).
  3566 | D:4      | 3566 ||| Stepping ~*~*~tactically~*~*~ (outnumbered).
  3570 | D:4      | Reached XP level 5. HP: 41/53 MP: 8/8
  3570 | D:4      | 3570 ||| Stepping ~*~*~tactically~*~*~ (outnumbered).
  3573 | D:4      | Reached skill level 4 in Axes
  3578 | D:4      | HP: 11/53 [gnoll/+0 halberd (4)]
  3579 | D:4      | 3579 ||| READING scroll of teleportation.
  3579 | D:4      | Killed from afar by an orc wizard

Levels and vault maps discovered:
D:1:      elethiomel_arrival_quiet, layout_basic, grunt_decor_fettered
D:2:      layout_loops_corners, minmay_tetromino_i2
D:3:      layout_rooms, worldfamousw_hep_ancestral_shrine, lemuel_tele_altar,
          mainiacjoe_overflow_alcove_4, okawaru_trees_2,
          lemuel_coloured_pillars_altar, shapermc_ecumenical_altar_acropolis
D:4:      layout_layer_cave, overflow_temple_1_default,
          minmay_misc_feat_encased, uniq_eustachio

Skill      XL: |  1  2  3  4  5 |
---------------+----------------+-----
Axes           | 1 2 3 4 |  4.0
Fighting       | 1 2 3 |  3.0
Short Blades   | |  0.8
Dodging        | |  1.7
Stealth        | |  2.1
Spellcasting   | |  2.4
Hexes          | |  2.6

Action                   |  1- 3 |  4- 6 || total
-------------------------+-------+-------++-------
Melee: Club              |    23 |       ||    23
       Dagger            |     7 |       ||     7
       Long sword        |    72 |    79 ||   151
  Use: Scroll            |     2 |     7 ||     9
       Potion            |     2 |     4 ||     6
 Stab: Distracted        |     1 |       ||     1
       Sleeping          |     1 |       ||     1
Armor: Robe              |    39 |    43 ||    82
Dodge: Dodged            |    48 |    52 ||   100

Table legend:
 A = Non-vault XP
 B = Vault XP
 C = Vault XP percentage of total XP
 D = Non-vault monster count
 E = Vault monster count
 F = Vault count percentage of total count
                 A         B        C        D         E       F
            +---------+---------+-------+---------+---------+-------
      Total |     207 |       4 |   1.9 |      68 |       2 |   2.9
            +---------+---------+-------+---------+---------+-------
        D:1 |      31 |       0 |   0.0 |      20 |       0 |   0.0
        D:2 |      72 |       4 |   5.3 |      23 |       2 |   8.0
        D:3 |      37 |       0 |   0.0 |      20 |       0 |   0.0
        D:4 |      67 |       0 |   0.0 |       5 |       0 |   0.0
            +---------+---------+-------+---------+---------+-------
